 Dungeon Crawl Stone Soup version 0.27-a0-797-g27d10ad80f (webtiles) character file.

Game seed: 10245516064506073728

231 dickylongcocking the Magician (level 6, -3/46 HPs)
             Began as a Djinni Hedge Wizard on Mar 27, 2021.
             Slain by a gnoll
             ... wielding a +0 flail
              (4 damage)
             ... on level 2 of the Dungeon.
             The game lasted 00:04:13 (5944 turns).

dickylongcocking the Magician (Djinni Hedge Wizard) Turns: 5944, Time: 00:04:14

Health: -3/46      AC:  2    Str:  7 (9)  XL:     6   Next: 3%
Gold:   125        EV: 12    Int: 16 (18) God:
                   SH:  0    Dex: 10 (12)

rFire    + + .     SeeInvis .   a - +0 dagger
rCold    x . .     Faith    .   (no shield)
rNeg     . . .     Spirit   .   b - +0 robe
rPois    ∞         Reflect  .   c - +0 hat
rElec    .         Harm     .   (no cloak)
rCorr    .         Rampage  .   (no gloves)
Will     .....                  (boots unavailable)
Stlth    ++........             (no amulet)
HPRegen  0.15/turn              (no ring)
MPRegen  0.00/turn              (no ring)

@: flying
A: fire resistance 2, cold vulnerability 1, float, innate caster, hp casting,
extra vitality 1
a: no special abilities


You were on level 2 of the Dungeon.
You visited 1 branch of the dungeon, and saw 3 of its levels.

You collected 125 gold pieces.

Inventory:

Hand Weapons
 a - a +0 dagger (weapon)
Armour
 b - a +0 robe (worn)
 c - a +0 hat (worn)
Scrolls
 e - a scroll of noise
 i - 5 scrolls of identify
Potions
 d - a potion of attraction


   Skills:
 * Level 3.5 Fighting
 - Level 2.2 Dodging
 - Level 1.6 Stealth
 * Level 4.4 Spellcasting


You couldn't memorise any spells.
You knew the following spells:

 Your Spells              Type           Power      Damage    Failure   Level
a - Magic Dart            Conj           68%        1d6       2%          1
b - Blink                 Tloc           N/A        N/A       4%          2
c - Call Imp              Summ           17%        N/A       4%          2
d - Slow                  Hex            17%        N/A       4%          2
e - Conjure Flame         Conj/Fire      17%        6-21      8%          3
f - Mephitic Cloud        Conj/Pois/Air  17%        N/A       8%          3
g - Sting                 Tmut/Pois      68%        1d6       2%          1
h - Swiftness             Air            17%        N/A       4%          2
Your spell library was empty.

Dungeon Overview and Level Annotations

Branches:
Dungeon (3/15)

Altars:


Innate Abilities, Weirdness & Mutations

You are immune to poison.
Your flesh is very heat resistant. (rF++)
You are vulnerable to cold. (rC-)
You float through the air rather than walking.
You learn spells naturally, not from books.
Your magical power is your life essence.
You have superior vitality. (+4 HP)


Message History

The gnoll shaman is almost dead.
The gnoll shaman hits you with a +0 club!
* * * LOW HITPOINT WARNING * * *
Unknown command.
Casting: Mephitic Cloud (dangerous; 10% risk of failure)
Confirm with . or Enter, or press ? or * to list all spells.
Aiming: Sting (safe; 3% risk of failure)
Press: ? - help, Shift-Dir - straight line, f/p - gnoll shaman
Aim: a gnoll shaman, wielding a +0 club and wearing a +0 leather armour (almost dead, confused, 6% to evade)
The sting hits the gnoll shaman.
The gnoll shaman is poisoned.
The gnoll shaman is almost dead.
* * * LOW HITPOINT WARNING * * *
Unknown command.
You kill the gnoll shaman!
You feel your intelligence returning.
You have reached level 6!
Your experience leads to an increase in your attributes!
Your base attributes are Str 9, Int 17, Dex 12.
Increase (S)trength, (I)ntelligence, or (D)exterity?
Uppercase letters only, please.
You feel clever.
Okay, then.
Okay, then.
You aren't carrying any items that you can evoke.
Unknown command.
Okay, then.
Casting: Sting (safe; 2% risk of failure)
Confirm with . or Enter, or press ? or * to list all spells.
Okay, then.
Casting: Sting (safe; 2% risk of failure)
Confirm with . or Enter, or press ? or * to list all spells.
Aiming: Sting (safe; 2% risk of failure)
Press: ? - help, Shift-Dir - straight line, f - gnoll
Aim: a gnoll, wielding a +0 flail (moderately wounded, fast, 23% to evade)
The sting hits the gnoll but does no damage.
The gnoll is poisoned.
The gnoll is moderately wounded.
* * * LOW HITPOINT WARNING * * *
The gnoll barely misses you. The gnoll hits you with a +0 flail.
You die...

##.#.# #.#.##..##............#
##.#.# #.#.##..##########.##.#
.#.#.# #.#.....# #.##.#
.....####.#..##.# #†##.#
.#..............# #.##.#
.##.#####.......# ##.##.##
.##.### #..#.##.#########.#....#
.##...###..#.##..g)......###.#.#
.##.#...........@#######..#....#
.##...###..#.##.....>.....>....#
.##..## #..#.##..#######.))..#.#
.##..# #........#######.....#.#
.....#####.#.###.#.....###.###.#
........##....##.#.........# #.##
#####.#.##.............#######...
#.#.###...##............#####
#.#.####.#####.....####.#


You could see a gnoll (fast, poisoned).

Vanquished Creatures
  A gnoll shaman (D:2)
  An orc priest (D:3)
  An orc wizard (D:3)
  5 adders
  2 gnolls
  2 worms
  A dart slug (D:3)
  7 orcs (D:3)
  7 ball pythons
  3 bats
  6 endoplasms
  2 giant cockroaches (D:2)
  12 goblins
  3 hobgoblins
  6 jackals (D:3)
  3 frilled lizards
  5 kobolds
  A rat (D:2)
68 creatures vanquished.

Notes
Turn   | Place    | Note
-------+----------+-------------------------------------------
     0 | D:1      | dickylongcocking the Djinni Hedge Wizard began the quest
                  | for the Orb.
     0 | D:1      | Reached XP level 1. HP: 15/15 MP: 0/0
   551 | D:1      | Reached skill level 3 in Spellcasting
   599 | D:1      | Reached XP level 2. HP: 16/21 MP: 0/0
  1511 | D:2      | Reached skill level 1 in Fighting
  1511 | D:2      | Reached XP level 3. HP: 22/27 MP: 0/0
  1511 | D:2      | Learned a level 1 spell: Sting
  2217 | D:2      | HP: 1/28 [adder (4)]
  2221 | D:2      | Reached XP level 4. HP: 1/33 MP: 0/0
  3241 | D:3      | Reached XP level 5. HP: 15/39 MP: 0/0
  3241 | D:3      | Learned a level 2 spell: Swiftness
  3246 | D:3      | Reached skill level 4 in Spellcasting
  3912 | D:3      | HP: 2/40 [something/puff of flame (2)]
  5938 | D:2      | HP: 2/40 [gnoll shaman/+0 club (9)]
  5944 | D:2      | Reached XP level 6. HP: 2/46 MP: 0/0
  5944 | D:2      | Slain by a gnoll

Illustrated notes

Levels and vault maps discovered:
D:1:      dpeg_arrival_stone_temple_mockup, layout_basic
D:2:      layout_loops_ring
D:3:      layout_loops_ring, minmay_joined_circles

Skill      XL: |  1  2  3  4  5 |
---------------+----------------+-----
Spellcasting   | 3 4 |  4.4
Fighting       | 1 2 3 |  3.5
Dodging        | |  2.2
Stealth        | |  1.6

Action                   |  1- 3 |  4- 6 || total
-------------------------+-------+-------++-------
Melee: Dagger            |    10 |   147 ||   157
 Cast: Magic Dart        |    68 |     4 ||    72
       Sting             |    12 |    63 ||    75
       Mephitic Cloud    |       |     3 ||     3
  Use: Potion            |     1 |     7 ||     8
       Scroll            |       |     3 ||     3
 Stab: Sleeping          |       |     3 ||     3
       Confused          |       |     3 ||     3
Armor: Robe              |     8 |    21 ||    29
       Skin              |       |     9 ||     9
Dodge: Dodged            |    16 |   130 ||   146

Table legend: (Time is in decaauts)
 A = Elapsed time spent in this place.
 B = Non-inter-level travel time spent in this place.
 C = Inter-level travel time spent in this place.
 D = Time resting spent in this place.
 E = Time spent auto-exploring this place.
 F = Levels seen in this place.
 G = Mean time per level.
                   A        B        C        D        E       F      G
               +--------+--------+--------+--------+--------+-----+--------+
         Total |   5930 |   5832 |     98 |   1462 |   3822 |   3 | 1976.7 |
       Dungeon |   5930 |   5832 |     98 |   1462 |   3822 |   3 | 1976.7 |
               +--------+--------+--------+--------+--------+-----+--------+

Top non-repeatable levels by time:
     D:3: 2444 daAuts
     D:2: 2062 daAuts
     D:1: 1423 daAuts
